 Dungeon Crawl Stone Soup version 0.29.0-4-gdea44cf6ec (webtiles) character file.

Game seed: 4295250326144268707

149 qw the Chopper (level 5, -7/30 HPs)
             Began as a Tengu Warper on Aug 28, 2022.
             Mangled by an ogre
             ... wielding a +0 giant club
              (21 damage)
             ... on level 4 of the Dungeon.
             The game lasted 00:00:24 (3837 turns).

qw the Chopper (Tengu Warper)                       Turns: 3837, Time: 00:00:24

Health: -7/30      AC: 10    Str: 13    XL:     5   Next: 31%
Magic:  18/18      EV:  7    Int: 13    God:
Gold:   302        SH:  4    Dex: 20    Spells: 8/8 levels left

rFire   x x .      SeeInvis .   Y - +0 hand axe
rCold   + . .      Faith    .   e - +0 buckler
rNeg    . . .      Spirit   .   h - +0 chain mail
rPois   +          Reflect  .   (helmet restricted)
rElec   +          Harm     .   f - +0 cloak of Kimpeog {rElec rPois rF- MP+9}
rCorr   .          Rampage  .   d - +0 pair of gloves
Will    .....                   (boots unavailable)
Stlth   ..........              (no amulet)
HPRegen 0.10/turn               i - ring of ice
MPRegen 0.16/turn               g - +6 ring of dexterity

@: flying quickly and evasively, quick
A: beak, talons 3, nimble flight
a: no special abilities


You were on level 4 of the Dungeon.
You visited 1 branch of the dungeon, and saw 4 of its levels.

You collected 302 gold pieces.


Innate Abilities, Weirdness & Mutations

You have a beak for a mouth.
You have claws for feet.
Your magical nature lets you fly swiftly and evasively.


   Skills:
 - Level 2.0 Fighting
 + Level 5.3 Axes
 - Level 1.0 Throwing
 - Level 2.0 Armour
 - Level 2.1 Dodging
 - Level 1.0 Shields
 - Level 2.0 Spellcasting
 - Level 2.4 Translocations


You had 8 spell levels left.
You didn't know any spells.
Your spell library contained the following spells:

 Spells                   Type           Power      Damage    Failure   Level
 Blink                    Tloc           14%        N/A       100%        2
 Gell's Gravitas          Tloc           7%         N/A       100%        3
 Lesser Beckoning         Tloc           7%         N/A       100%        3
 Teleport Other           Tloc           7%         N/A       100%        3
 Manifold Assault         Tloc           7%         N/A       100%        5

Inventory:

Hand Weapons
 k - the +2 whip "Ycugouc" {speed, Drain rC+ Int+6}
   (You found it on level 2 of the Dungeon)

   Attacks with this weapon are significantly faster.
   Int:       It affects your intelligence (+6).
   rC:        It protects you from cold.
   Drain:     It drains your maximum health when unequipped.
 Y - a +0 hand axe (weapon)
Armour
 d - a +0 pair of gloves (worn)
 e - a +0 buckler (worn)
 f - the +0 cloak of Kimpeog (worn) {rElec rPois rF- MP+9}
   (You acquired it on level 1 of the Dungeon)

   rF:        It makes you vulnerable to fire.
   rElec:     It insulates you from electricity.
   rPois:     It protects you from poison.
   MP:        It affects your magic capacity (+9).
 h - a +0 chain mail (worn)
Jewellery
 g - a +6 ring of dexterity (right hand)
 i - a ring of ice (left hand)
Scrolls
 a - a scroll of identify
Potions
 c - a potion of curing {unknown}
 l - a potion of resistance {unknown}

Dungeon Overview and Level Annotations

Branches:
Dungeon (4/15)
 Temple: D:4-7

Altars:
Yredelemnul
The Shining One


Message History

The giant cockroach barely misses you.
The giant cockroach bites you but does no damage.
You barely miss the giant cockroach. Your kick misses the giant cockroach.
The giant cockroach bites you but does no damage.
You closely miss the giant cockroach.
You claw the giant cockroach, but do no damage.
The giant cockroach barely misses you.
You barely miss the giant cockroach. Your peck misses the giant cockroach.
The giant cockroach bites you but does no damage.
You hit the giant cockroach but do no damage.
Your kick misses the giant cockroach. The giant cockroach bites you.
The giant cockroach bites you but does no damage.
You slash the giant cockroach!
You kill the giant cockroach!
You start resting.
HP restored.
Found a stone staircase leading down.
An ogre comes into view. It is wielding a +0 giant club.
The ogre shouts!
The ogre moves out of view.
A phantom comes into view.
A ball python comes into view.
3830 ||| Stepping ~*~*~tactically~*~*~ (stealth).
A jelly comes into view.
3831 ||| Stepping ~*~*~tactically~*~*~ (stealth).
You hit the ogre but do no damage. You claw the ogre.
The ogre is moderately wounded.
The ogre hits you with a +0 giant club!
Ouch! That really hurt!
You hit the ogre. You peck the ogre, but do no damage.
The ogre is heavily wounded.
You hit the ogre but do no damage. You claw the ogre.
The ogre is heavily wounded.
You block the ogre's attack.
You hit the ogre. Your kick misses the ogre.
The ogre is severely wounded.
The ogre hits you with a +0 giant club!!
Ouch! That really hurt!
You die...

#####################
..$S..$WO@.......>...
#....########.######.
.J. ##.# S #. #..#
...## ###.##
#...###...#
#.#.....####.#
#............#
..#.....######


You could see an ogre, a phantom and a ball python.

Vanquished Creatures
  Natasha (D:3)
  An orc wizard (D:3)
  4 adders
  2 worms (D:2)
  A dart slug (D:1)
  2 orcs (D:3)
  6 bats
  7 endoplasms
  3 giant cockroaches
  3 goblins
  5 hobgoblins
  6 kobolds
  5 ball pythons
  4 frilled lizards
  5 rats
55 creatures vanquished.

Notes
Turn   | Place    | Note
-------+----------+-------------------------------------------
     0 | D:1      | qw the Tengu Warper began the quest for the Orb.
     0 | D:1      | Reached XP level 1. HP: 12/12 MP: 4/4
     0 | D:1      | 0 ||| qw: Version: 0.1-a-89-g26bdef1
     0 | D:1      | 0 ||| qw: Game counter: 3272
     0 | D:1      | 0 ||| qw: Always use a shield: true
     0 | D:1      | 0 ||| qw: God list: Okawaru
     0 | D:1      | 0 ||| qw: Allow faded altars: false
     0 | D:1      | 0 ||| qw: Do Orc after D:15 true
     0 | D:1      | 0 ||| qw: Do second Lair branch before Depths: true
     0 | D:1      | 0 ||| qw: Lair rune preference: random
     0 | D:1      | 0 ||| qw: Plans: Normal
     0 | D:1      | 0 ||| PLANNING D:1-11
   242 | D:1      | Reached XP level 2. HP: 17/17 MP: 6/6
   263 | D:1      | Reached skill level 3 in Axes
   737 | D:1      | 737 ||| UPGRADING to +0 pair of gloves.
   742 | D:1      | 742 ||| UPGRADING to +0 buckler.
   747 | D:1      | 747 ||| READING 2 scrolls labelled GURPHING PACVIO.
   748 | D:1      | 748 ||| READING scroll labelled VYEVAPPAIRAWN.
   748 | D:1      | Identified a scroll of acquirement
   748 | D:1      | 748 ||| ACQUIRING +0 cloak of Kimpeog {rElec rPois rF-
                  | MP+9}
   748 | D:1      | Acquired the +0 cloak of Kimpeog {rElec rPois rF- MP+9}
   750 | D:1      | 750 ||| UPGRADING to +0 cloak of Kimpeog {rElec rPois rF-
                  | MP+9}.
   820 | D:1      | 820 ||| UPGRADING to ring of ice.
   821 | D:1      | 821 ||| DROPPING scroll of blinking.
  1132 | D:2      | Reached skill level 1 in Shields
  1199 | D:2      | Reached XP level 3. HP: 21/21 MP: 7/7
  1208 | D:2      | Found a basalt altar of Yredelemnul.
  1322 | D:2      | Identified the +2 whip "Ycugouc" {speed, Drain rC+ Int+6}
  1324 | D:2      | 1324 ||| DROPPING +0 mace.
  1470 | D:2      | 1470 ||| Stepping ~*~*~tactically~*~*~ (stealth).
  1628 | D:2      | 1628 ||| FLEEEEING.
  1629 | D:2      | 1629 ||| FLEEEEING.
  1677 | D:2      | Reached skill level 4 in Axes
  2132 | D:2      | 2132 ||| DROPPING scarf of harm.
  2133 | D:2      | 2133 ||| READING scroll labelled MOR HESTRUY.
  2137 | D:2      | 2137 ||| READING scroll labelled TILI PUUPSANEDWY.
  2163 | D:3      | Reached XP level 4. HP: 26/26 MP: 8/8
  2255 | D:3      | 2255 ||| Stepping ~*~*~tactically~*~*~ (stealth).
  2260 | D:3      | 2260 ||| Stepping ~*~*~tactically~*~*~ (stealth).
  2314 | D:3      | 2314 ||| FLEEEEING.
  2315 | D:3      | 2315 ||| FLEEEEING.
  2316 | D:3      | 2316 ||| FLEEEEING.
  2317 | D:3      | 2317 ||| FLEEEEING.
  2318 | D:3      | 2318 ||| FLEEEEING.
  2319 | D:3      | 2319 ||| FLEEEEING.
  2320 | D:3      | 2320 ||| FLEEEEING.
  2321 | D:3      | 2321 ||| FLEEEEING.
  2324 | D:3      | 2324 ||| FLEEEEING.
  2325 | D:3      | 2325 ||| FLEEEEING.
  2326 | D:3      | 2326 ||| FLEEEEING.
  2327 | D:3      | 2327 ||| FLEEEEING.
  2328 | D:3      | 2328 ||| FLEEEEING.
  2329 | D:3      | 2329 ||| FLEEEEING.
  2330 | D:3      | 2330 ||| FLEEEEING.
  2334 | D:3      | 2334 ||| FLEEEEING.
  2335 | D:3      | 2335 ||| FLEEEEING.
  2336 | D:3      | 2336 ||| FLEEEEING.
  2337 | D:3      | 2337 ||| FLEEEEING.
  2338 | D:3      | 2338 ||| FLEEEEING.
  2339 | D:3      | 2339 ||| FLEEEEING.
  2355 | D:3      | 2355 ||| FLEEEEING.
  2356 | D:3      | 2356 ||| FLEEEEING.
  2357 | D:3      | 2357 ||| FLEEEEING.
  2358 | D:3      | 2358 ||| FLEEEEING.
  2359 | D:3      | 2359 ||| FLEEEEING.
  2360 | D:3      | 2360 ||| FLEEEEING.
  2361 | D:3      | 2361 ||| FLEEEEING.
  2364 | D:3      | 2364 ||| FLEEEEING.
  2366 | D:3      | 2366 ||| FLEEEEING.
  2368 | D:3      | 2368 ||| FLEEEEING.
  2369 | D:3      | 2369 ||| FLEEEEING.
  2370 | D:3      | 2370 ||| FLEEEEING.
  2371 | D:3      | 2371 ||| FLEEEEING.
  2373 | D:3      | 2373 ||| FLEEEEING.
  2374 | D:3      | 2374 ||| FLEEEEING.
  2375 | D:3      | 2375 ||| FLEEEEING.
  2377 | D:3      | 2377 ||| STAIRDANCE
  2860 | D:3      | 2860 ||| FLEEEEING.
  2861 | D:3      | 2861 ||| FLEEEEING.
  2862 | D:3      | 2862 ||| FLEEEEING.
  2863 | D:3      | 2863 ||| FLEEEEING.
  2864 | D:3      | 2864 ||| FLEEEEING.
  2866 | D:3      | 2866 ||| FLEEEEING.
  2867 | D:3      | 2867 ||| FLEEEEING.
  2868 | D:3      | 2868 ||| FLEEEEING.
  2869 | D:3      | 2869 ||| FLEEEEING.
  2870 | D:3      | 2870 ||| FLEEEEING.
  2873 | D:3      | 2873 ||| FLEEEEING.
  2874 | D:3      | 2874 ||| FLEEEEING.
  2875 | D:3      | 2875 ||| FLEEEEING.
  2876 | D:3      | 2876 ||| FLEEEEING.
  2877 | D:3      | 2877 ||| FLEEEEING.
  2878 | D:3      | 2878 ||| FLEEEEING.
  2879 | D:3      | 2879 ||| FLEEEEING.
  2880 | D:3      | 2880 ||| FLEEEEING.
  2881 | D:3      | 2881 ||| FLEEEEING.
  2886 | D:3      | 2886 ||| FLEEEEING.
  2887 | D:3      | 2887 ||| FLEEEEING.
  2888 | D:3      | 2888 ||| FLEEEEING.
  2889 | D:3      | 2889 ||| FLEEEEING.
  2890 | D:3      | 2890 ||| FLEEEEING.
  2891 | D:3      | 2891 ||| FLEEEEING.
  2892 | D:3      | 2892 ||| FLEEEEING.
  2897 | D:3      | 2897 ||| FLEEEEING.
  2898 | D:3      | 2898 ||| FLEEEEING.
  2899 | D:3      | 2899 ||| FLEEEEING.
  2900 | D:3      | 2900 ||| FLEEEEING.
  2901 | D:3      | 2901 ||| FLEEEEING.
  2914 | D:3      | 2914 ||| FLEEEEING.
  2915 | D:3      | 2915 ||| FLEEEEING.
  2916 | D:3      | 2916 ||| FLEEEEING.
  2917 | D:3      | 2917 ||| FLEEEEING.
  2918 | D:3      | 2918 ||| FLEEEEING.
  2919 | D:3      | 2919 ||| FLEEEEING.
  2920 | D:3      | 2920 ||| FLEEEEING.
  2922 | D:3      | 2922 ||| FLEEEEING.
  2923 | D:3      | 2923 ||| FLEEEEING.
  2924 | D:3      | 2924 ||| FLEEEEING.
  2925 | D:3      | 2925 ||| FLEEEEING.
  2926 | D:3      | 2926 ||| FLEEEEING.
  2927 | D:3      | 2927 ||| FLEEEEING.
  2928 | D:3      | 2928 ||| FLEEEEING.
  2929 | D:3      | 2929 ||| FLEEEEING.
  2930 | D:3      | 2930 ||| FLEEEEING.
  2931 | D:3      | 2931 ||| FLEEEEING.
  2932 | D:3      | 2932 ||| FLEEEEING.
  2933 | D:3      | 2933 ||| FLEEEEING.
  2934 | D:3      | 2934 ||| FLEEEEING.
  2935 | D:3      | 2935 ||| FLEEEEING.
  2936 | D:3      | 2936 ||| STAIRDANCE
  3104 | D:2      | 3104 ||| UPGRADING to +0 chain mail.
  3114 | D:2      | 3114 ||| DROPPING +0 leather armour.
  3115 | D:2      | 3115 ||| DRINKING 2 glowing inky potions.
  3116 | D:2      | 3116 ||| DROPPING potion of flight.
  3153 | D:3      | Reached skill level 5 in Axes
  3206 | D:3      | Noticed Natasha
  3212 | D:3      | Killed Natasha
  3213 | D:3      | Gained mutation: Your magical nature lets you fly swiftly
                  | and evasively. [Tengu growth]
  3213 | D:3      | Reached XP level 5. HP: 27/30 MP: 9/9
  3669 | D:3      | 3669 ||| UPGRADING to +6 ring of dexterity.
  3670 | D:3      | 3670 ||| READING scroll labelled SUINNA VEITWE.
  3671 | D:3      | 3671 ||| READING 2 scrolls of identify.
  3671 | D:3      | 3671 ||| IDENTIFYING red potion
  3672 | D:3      | 3672 ||| DROPPING potion of berserk rage.
  3696 | D:4      | 3696 ||| STAIRDANCE
  3770 | D:4      | Found a glowing golden altar of the Shining One.
  3827 | D:4      | Noticed an ogre
  3828 | D:4      | Noticed a phantom
  3830 | D:4      | 3830 ||| Stepping ~*~*~tactically~*~*~ (stealth).
  3831 | D:4      | 3831 ||| Stepping ~*~*~tactically~*~*~ (stealth).
  3837 | D:4      | Mangled by an ogre

Levels and vault maps discovered:
D:1:      shiori_arrival_maze, layout_loops_ring, nrook_mini_backslash
D:2:      layout_basic, basic_altar
D:3:      layout_basic, uniq_natasha
D:4:      layout_basic, tso_metal_star, minmay_fractal_squares_5

Skill      XL: |  1  2  3  4 |
---------------+-------------+-----
Axes           | 3 4 5 |  5.3
Shields        | 1 |  1.0
Armour         | 2 |  2.0
Fighting       | |  2.0
Throwing       | |  1.0
Dodging        | |  2.1
Spellcasting   | |  2.0
Translocations | |  2.4

Action                   |  1- 3 |  4- 6 || total
-------------------------+-------+-------++-------
Melee: Hand axe          |    76 |    80 ||   156
       Kick              |    19 |    20 ||    39
       Peck              |     9 |    10 ||    19
Throw: Boomerang         |     7 |       ||     7
  Use: Scroll            |     4 |     2 ||     6
       Potion            |       |     1 ||     1
Armor: Leather armour    |    23 |     8 ||    31
       Chain mail        |       |    16 ||    16
Dodge: Dodged            |    35 |    31 ||    66
Block: Buckler           |     6 |     8 ||    14

Table legend:
 A = Non-vault XP
 B = Vault XP
 C = Vault XP percentage of total XP
 D = Non-vault monster count
 E = Vault monster count
 F = Vault count percentage of total count
                 A         B        C        D         E       F
            +---------+---------+-------+---------+---------+-------
      Total |     175 |      39 |  18.2 |      52 |       3 |   5.5
            +---------+---------+-------+---------+---------+-------
        D:1 |      17 |       4 |  19.0 |      11 |       2 |  15.4
        D:2 |      60 |       0 |   0.0 |      18 |       0 |   0.0
        D:3 |      94 |      35 |  27.1 |      21 |       1 |   4.5
        D:4 |       4 |       0 |   0.0 |       2 |       0 |   0.0
            +---------+---------+-------+---------+---------+-------
